Map: Ancient Cistern LE

Players

Strange

  • Race: Protoss Protoss
  • Spawn Location: 1:00

Clem - Winner!

  • Race: Terran Terran
  • Spawn Location: 7:00

Event: ESL SC2 Masters 2023 Summer (Regionals)

VOD

Have the link to the VOD?

Description

Time

  • Played on: May 4, 2023, 10:54 a.m.
  • Length: 7:57

All games in this series

Show
View Real Time Build Order
Export as new Build Order

Strange Protoss 

Build Orders: 1 Gate Expand, Phoenix Opening, Colossus Rush 

Get SALT Encoding   

  12  0:00  Probe  
  13  0:12  Probe  
  14  0:17  Pylon  
  14  0:24  Probe (Chrono Boost)  
  15  0:36  Gateway  
  15  0:37  Probe (Chrono Boost)  
  16  0:43  Probe (Chrono Boost)  
  16  0:45  Assimilator  
  17  0:51  Probe  
  18  1:03  Probe  
  19  1:15  Probe  
  20  1:23  Cybernetics Core  
  20  1:31  Nexus  
  20  1:37  Pylon  
  20  1:40  Probe  
  20  1:45  Assimilator  
  21  1:52  Probe  
  22  1:57  Stalker (Chrono Boost)  
  22  2:00  Warp Gate  
  24  2:08  Probe  
  25  2:19  Sentry (Chrono Boost)  
  25  2:20  Probe  
  28  2:25  Shield Battery  
  28  2:29  Shield Battery  
  28  2:32  Probe (Chrono Boost)  
  28  2:36  Stalker  
  29  2:43  Phoenix  
  29  2:44  Probe (Chrono Boost)  
  32  2:50  Probe (Chrono Boost), Robotics Facility  
  33  2:53  Probe (Chrono Boost)  
  33  2:57  Probe (Chrono Boost)  
  33  2:58  Probe (Chrono Boost)  
  36  3:08  Gateway, Probe  
  36  3:10  Probe  
  38  3:15  Pylon  
  38  3:20  Probe  
  38  3:22  Probe  
  40  3:32  Probe  
  41  3:34  Probe  
  41  3:40  Observer  
  43  3:44  Probe  
  43  3:46  Probe  
  43  3:47  Pylon  
  45  3:49  Stalker  
  45  3:52  Assimilator  
  45  3:53  Assimilator  
  47  3:56  Probe  
  47  3:57  Robotics Bay  
  47  3:58  Probe  
  41  4:04  Stalker  
  41  4:09  Probe (Chrono Boost)  
  38  4:10  Probe (Chrono Boost)  
  38  4:21  Probe (Chrono Boost)  
  38  4:22  Probe (Chrono Boost)  
  40  4:28  Probe x2 (Chrono Boost)  
  42  4:37  Probe (Chrono Boost)  
  42  4:38  Probe (Chrono Boost)  
  44  4:40  Colossus (Chrono Boost)  
  50  4:48  Probe (Chrono Boost)  
  50  4:51  Probe (Chrono Boost)  
  52  4:53  Probe (Chrono Boost)  
  52  4:59  Probe  
  54  5:03  Probe, Pylon  
  54  5:11  Nexus, Probe  
  55  5:15  Probe  
  56  5:23  Probe  
  56  5:27  Probe, Observer (Chrono Boost)  
  59  5:30  Extended Thermal Lance  
  59  5:35  Probe  
  59  5:39  Probe  
  59  5:41  Colossus (Chrono Boost)  
  61  5:48  Probe, Pylon  
  68  5:51  Probe  
  69  5:57  Twilight Council  
  69  6:00  Probe  
  70  6:06  Probe, Forge  
  70  6:11  Shield Battery  
  71  6:12  Probe  
  71  6:15  Pylon  
  73  6:20  Probe (Chrono Boost)  
  73  6:23  Pylon  
  74  6:26  Probe (Chrono Boost), Pylon  
  74  6:28  Probe (Chrono Boost)  
  74  6:29  Colossus (Chrono Boost)  
  81  6:35  Probe x2 (Chrono Boost)  
  81  6:38  Probe (Chrono Boost)  
  83  6:40  Probe (Chrono Boost)  
  83  6:42  Probe, Photon Cannon  
  83  6:43  Sentry  
  87  6:48  Probe  
  87  6:50  Sentry  
  87  6:52  Probe  
  91  6:55  Probe  
  91  6:59  Gateway  
  92  7:04  Photon Cannon  
  92  7:06  Probe  
  93  7:09  Stalker  
  93  7:14  Probe  
  95  7:22  Probe  
  94  7:23  Robotics Facility  
  80  7:31  Stalker  
  80  7:32  Zealot  
  80  7:36  Probe  
Show
View Real Time Build Order
Export as new Build Order

Clem Terran - Winner!

Build Orders:  

Get SALT Encoding   

  12  0:00  SCV  
  13  0:12  SCV  
  14  0:16  Supply Depot  
  14  0:24  SCV  
  15  0:38  SCV, Barracks  
  15  0:42  Refinery  
  16  0:50  SCV  
  17  1:02  SCV  
  18  1:14  SCV  
  19  1:25  Marine  
  20  1:26  Orbital Command  
  20  1:39  Command Center  
  20  1:50  Factory  
  20  1:54  SCV  
  21  2:01  Barracks Reactor  
  21  2:05  Supply Depot  
  22  2:08  SCV  
  22  2:14  Refinery  
  22  2:20  SCV  
  23  2:32  SCV  
  24  2:38  Starport  
  24  2:40  Hellion x2  
  28  2:44  SCV  
  29  2:51  Orbital Command  
  29  2:57  SCV  
  30  3:01  Hellion  
  30  3:05  Hellion  
  34  3:07  Barracks Tech Lab  
  34  3:11  SCV  
  35  3:14  Medivac  
  35  3:17  SCV  
  38  3:23  SCV  
  38  3:26  Supply Depot  
  39  3:29  SCV  
  39  3:32  Marine x2  
  42  3:35  SCV  
  42  3:38  Siege Tank  
  46  3:46  Barracks  
  46  3:48  SCV x2  
  48  3:51  Marine  
  48  3:53  Marine  
  50  4:00  SCV x2  
  52  4:05  Barracks  
  52  4:09  Marine  
  53  4:11  Marine  
  53  4:12  SCV  
  53  4:16  SCV  
  54  4:21  Supply Depot  
  54  4:23  Engineering Bay  
  54  4:24  SCV, Refinery  
  54  4:27  Factory Tech Lab, Marine  
  54  4:28  SCV  
  54  4:29  Marine  
  58  4:36  SCV  
  58  4:38  Supply Depot  
  55  4:40  SCV  
  55  4:44  Marine  
  55  4:45  Supply Depot, Refinery  
  57  4:46  Marine  
  57  4:47  Marine  
  57  4:49  Stimpack  
  57  4:50  SCV  
  60  4:55  SCV, Terran Infantry Weapons Level 1  
  60  4:59  Combat Shield  
  61  5:02  SCV  
  61  5:03  Marine  
  63  5:08  SCV  
  63  5:09  Marauder  
  63  5:12  Marauder  
  68  5:16  Supply Depot  
  68  5:17  SCV  
  68  5:19  Starport Reactor  
  68  5:21  SCV  
  70  5:23  Marine  
  70  5:24  Marine  
  70  5:27  Supply Depot  
  72  5:30  Factory Reactor  
  72  5:33  Marauder  
  74  5:36  Marauder  
  76  5:43  Marine x2  
  76  5:46  Supply Depot, SCV x2  
  80  5:51  Supply Depot  
  80  5:55  Medivac  
  82  5:57  Medivac  
  82  6:00  Marauder, Marine x2  
  82  6:03  Marauder  
  90  6:08  Widow Mine x2  
  90  6:10  Supply Depot  
  94  6:24  Marine x2  
  94  6:25  Marauder  
  98  6:28  Marauder  
  98  6:31  Medivac x2  
  104  6:35  Widow Mine x2  
  104  6:36  Supply Depot  
  108  6:45  Command Center  
  108  6:49  Marine x2  
  108  6:50  Concussive Shells  
  110  6:54  Marauder  
  110  6:56  Marauder  
  110  7:00  Widow Mine x2  
  118  7:06  Medivac x2  
  118  7:11  Marine  
  119  7:16  Marauder, Marine  
  119  7:17  Supply Depot, SCV  
  119  7:21  Marauder  
  123  7:29  Widow Mine x2  
  119  7:36  Marine x2  
Tags
 
Add a new tag
Caveats
  • Supply blocks, unpowered buildings, or Contaminate may cause inaccurate times.
  • Supply counts are checked every 10 seconds.